 Dungeon Crawl Stone Soup version 0.21-a0-476-gd103f4b (webtiles) character file.

56 kae the Insei (level 3, -2/29 HPs)
             Began as a Draconian Transmuter on Nov 22, 2017.
             Slain by an ice beast (14 damage)
             ... on level 3 of the Dungeon.
             The game lasted 00:01:44 (1925 turns).

kae the Insei (Draconian Transmuter)                Turns: 1925, Time: 00:01:45

Health: -2/29      AC:  5    Str: 12    XL:     3   Next: 71%
Magic:  6/6        EV: 15    Int: 13    God:
Gold:   95         SH:  0    Dex: 12    Spells: 3/6 levels left

rFire    . . .     SeeInvis +   l - +2 hand axe (chop)
rCold    . . .     Gourm    .   (no shield)
rNeg     . . .     Faith    .   (armour unavailable)
rPois    .         Spirit   .   (helmet restricted)
rElec    .         Reflect  .   f - scarf {cloud immunity}
rCorr    .         Harm     .   (no gloves)
MR       .....                  (no boots)
Stlth    +.........             h - amulet of magic regeneration
HPRegen  0.09/turn              d - ring of see invisible
MPRegen  0.35/turn              m - +3 ring of evasion

@: about to teleport, slowed, very slow
A: unfitting armour, cold-blooded, AC +5
a: no special abilities


You were on level 3 of the Dungeon.
You were not hungry.

You visited 1 branch of the dungeon, and saw 3 of its levels.

You collected 95 gold pieces.

Inventory:

Hand Weapons
 e - a +0 hand axe
 l - a +2 hand axe of chopping (weapon)
Missiles
 a - 54 arrows
Armour
 f - a scarf of cloud immunity (worn)
Jewellery
 d - a ring of see invisible (left hand)
 h - an amulet of magic regeneration (around neck)
 m - a +3 ring of evasion (right hand)
Scrolls
 g - a scroll of identify
 j - a scroll of teleportation
Potions
 i - a potion of haste
 k - 3 potions of curing
Books
 b - a book of Changes

   Spells                             Type                      Level
   a - Beastly Appendage              Transmutation                1
   b - Sticks to Snakes               Transmutation                2
   c - Spider Form                    Transmutation/Poison         3
   d - Ice Form                       Ice/Transmutation            4
   e - Blade Hands                    Transmutation                5
Comestibles
 c - a bread ration


   Skills:
 + Level 1.8 Fighting
 - Level 1.7 Dodging
 * Level 3.6 Unarmed Combat
 + Level 2.3 Spellcasting
 * Level 2.8 Transmutations


You had 3 spell levels left.
You knew the following spells:

 Your Spells              Type           Power        Failure   Level  Hunger
a - Beastly Appendage     Tmut           #.....       8%          1    #......
b - Sticks to Snakes      Tmut           #.......     12%         2    ###....


Dungeon Overview and Level Annotations

Branches:
Dungeon (3/15)

Altars:
Okawaru
Sif Muna
Zin


Innate Abilities, Weirdness & Mutations

Your plain brown scales are hard. (AC +5)
You cannot fit into any form of body armour.
You are cold-blooded and may be slowed by cold attacks.


Message History

There is a stone staircase leading up here.
As you read the scroll labeled CATREL JA TIR, it crumbles to dust.
You feel strangely unstable.
It was a scroll of teleportation.
As you read the scroll labeled IGON ODWAPT, it crumbles to dust.
You feel aware of your surroundings.
You sensed 3 altars.
It was a scroll of magic mapping.
As you read the scroll of identify, it crumbles to dust.
k - 3 potions of curing Your surroundings suddenly seem different.
The ice beast hits you. The ice beast freezes you!
You feel yourself slow down.
An adder and an ice beast come into view.
Put on which piece of jewellery? (? for menu, Esc to quit)
m - a +3 ring of evasion (right hand) Unknown command.
As you read the scroll of teleportation, it crumbles to dust.
You feel strangely unstable.
You feel yourself speed up. The ice beast closely misses you.
The ice beast hits you. The ice beast freezes you!
You feel yourself slow down.
You die...

*,* *,*
*,*******,* *
*,,,,,,,*,*
***********,*,*###
,,,,,,,,,*,,*,,S.#
,*******,*,****#.#
,* *,*,* #.# ,*
*,*,* #.# ,* *,*,*
#@# ,* *,*,****#Y#
,* *,*,*,,,#.# ,*
*,*,*,*,#.# ,*
*,*,*,*,#.# ,*
*,*,*,*,#.# ,*
*,*,*,*,#.# ,*
*,*,*,*,#.#
,*******,*,*,*,*,*


You could see an ice beast and an adder (sleeping).

Vanquished Creatures
  An ooze (D:2)
  A worm (D:2)
  A dart slug (D:2)
  A leopard gecko (D:1)
  3 bats
  4 giant cockroaches
  9 goblins
  3 hobgoblins
  2 jackals (D:2)
  6 kobolds
  4 quokkas (D:2)
  A frilled lizard (D:1)
  3 rats (D:2)
39 creatures vanquished.

Notes
Turn   | Place    | Note
-------+----------+-------------------------------------------
     0 | D:1      | kae the Draconian Transmuter began the quest for the Orb.
     0 | D:1      | Reached XP level 1. HP: 16/16 MP: 3/3
   108 | D:1      | Reached XP level 2. HP: 14/23 MP: 3/5
   959 | D:2      | Learned a level 2 spell: Sticks to Snakes
   978 | D:2      | Reached XP level 3. HP: 27/29 MP: 6/6
  1286 | D:2      | Found a faded altar of an unknown god.
  1325 | D:2      | Found an iron altar of Okawaru.
  1383 | D:2      | Found a deep blue altar of Sif Muna.
  1737 | D:2      | Found a glowing silver altar of Zin.
  1738 | D:2      | Noticed an angel
  1924 | D:3      | Noticed an ice beast
  1925 | D:3      | Slain by an ice beast

Vault maps used:
D:1:      mrwooster_arrival_statue
D:2:      zin_angel, okawaru_ov_weapons_minmay, old_standard_altar,
          chequers_ecumenical_altar_grove, minivault_26,
          corexii_leaking_fountain, item_on_display_a
D:3:      fedhas_altar_4, chequers_temple_overflow_statue_of_worship,
          uniq_terence

Action                   || total
-------------------------++-------
Melee: Unarmed           ||    13
       Hand axe          ||   108
       Tailslap          ||     8
       Punch             ||     2
       Kick              ||     1
 Cast: Beastly Appendage ||     4
  Use: Scroll            ||     5
 Stab: Sleeping          ||     4
  Eat: Chunk             ||     3
Armor: Skin              ||    45
Dodge: Dodged            ||    81

Table legend:
 A = Spawn XP
 B = Non-spawn XP
 C = Spawn XP percentage of total XP
 D = Spawn monster count
 E = Non-spawn monster count
 F = Spawn count percentage of total count
 G = Total turns spent on level
                    A         B        C        D         E        F      G
               +---------+---------+-------+---------+---------+-------+---------
         Total |       0 |      81 |   0.0 |       0 |      39 |   0.0 |  1925
               +---------+---------+-------+---------+---------+-------+---------
           D:1 |       0 |      31 |   0.0 |       0 |      17 |   0.0 |   740
           D:2 |       0 |      50 |   0.0 |       0 |      22 |   0.0 |  1180
               +---------+---------+-------+---------+---------+-------+---------
